AoeStats
← filiusgaya

Black Forest

510413603Analyzed
4v4 RM · 2d ago on Sep 30, 2026· 21m 24s· 8 players
Game mode
Random Map
Map size
Large (8 player)
Population
200
Speed
Normal
Resources
Standard
Victory
Conquest
Starting age
Dark Age
Ending age
Imperial Age
RankedLock teamsTeams togetherTeam positionsShared explorationLock speedFull tech treeHidden civsTurbo modeCheats
Victory
Defeat
🇦🇷 Cumans · Argentina
755
+13
🇲🇽 Persians · Mexico
699
+16
🇧🇷 Saxons · Brazil
652
+18
🇦🇷 Poles · Argentina
645
+17
🇹🇷 Vietnamese · Türkiye
722
-17
🇲🇽 Turks · Mexico
718
-17
🇧🇬 Romans · Bulgaria
709
-17
🇲🇽 Hindustanis · Mexico
620
-13
yomamacry
0:30 Loom
13:16 Feudal Age
13:44 Double-Bit Axe
13:42 Horse Collar
14:39 Wheelbarrow
ELITEMARIO69
2:51 Loom
filiusgaya
2:06 Loom
11:37 Feudal Age
12:44 Double-Bit Axe
12:41 Horse Collar
17:46 Gold Mining
20:37 Castle Age
20:47 Stone Mining
mrBoombastic
0:36 Loom
GUSTAVO-nardes
0:31 Loom
11:57 Feudal Age
13:03 Man-at-Arms
santiagocasabsalado
1:23 Loom
18:52 Feudal Age
19:57 Double-Bit Axe
19:54 Horse Collar
Luciano24cm
5:34 Loom
9:07 Feudal Age
10:03 Double-Bit Axe
VivaPeron
1:06 Loom
1:37 Loom
8:11 Feudal Age
9:27 Wheelbarrow
9:14 Double-Bit Axe
Connection lost

Rejoining the realm…

Still unreachable

The connection could not be restored.

Session expired

The server has moved on; the page needs a fresh start.